 Dungeon Crawl Stone Soup version 0.23-a0-814-g91b4073 (webtiles) character file.

131 galech the Skirmisher (level 4, -5/37 HPs)
             Began as a Demonspawn Fighter on Jan 21, 2019.
             Slain by Pikel
             ... wielding a +0 whip of electrocution
              (18 damage)
             ... on level 3 of the Dungeon.
             The game lasted 00:02:52 (2447 turns).

galech the Skirmisher (Demonspawn Fighter)          Turns: 2447, Time: 00:02:53

Health: -5/37      AC: 14    Str: 21    XL:     4   Next: 91%
Magic:  0/4        EV:  5    Int: 10    God:
Gold:   206        SH:  9    Dex: 13    Spells: 3/3 levels left

rFire    . . .     SeeInvis .   a - +0 war axe
rCold    . . .     Gourm    .   c - +0 shield
rNeg     . . .     Faith    .   y - +0 plate armour
rPois    .         Spirit   +   r - +0 helmet
rElec    .         Reflect  .   (no cloak)
rCorr    .         Harm     .   (no gloves)
MR       .....                  e - +1 pair of boots
Stlth    ..........             (no amulet)
HPRegen  0.12/turn              (no ring)
MPRegen  0.09/turn              (no ring)

@: mighty
A: magic shield, sturdy frame 1
a: no special abilities


You were on level 3 of the Dungeon.
You were not hungry.

You visited 1 branch of the dungeon, and saw 4 of its levels.

You collected 206 gold pieces.

Inventory:

Hand Weapons
 a - a +0 war axe (weapon)
Armour
 c - a +0 shield (worn)
 e - a +1 pair of boots (worn)
 r - a +0 helmet (worn)
 y - a +0 plate armour (worn)
Wands
 q - a wand of digging (5)
Scrolls
 g - 2 scrolls of teleportation {unknown}
 h - a scroll of enchant armour {unknown}
 j - a scroll of enchant weapon {unknown}
 k - a scroll of immolation {unknown}
 m - a scroll of fear {unknown}
 n - 2 scrolls of remove curse {unknown}
 o - 2 scrolls of identify {unknown}
 s - 2 scrolls of fog {unknown}
 t - a scroll of noise {unknown}
 u - 2 scrolls of blinking {unknown}
 v - a scroll of random uselessness {unknown}
 x - a scroll of magic mapping {unknown}
Potions
 d - 3 potions of might
 i - a potion of agility {unknown}
 l - a potion of brilliance {unknown}
 p - 2 potions of curing {unknown}
Comestibles
 b - a chunk of flesh
 f - 4 rations


   Skills:
 + Level 3.7 Fighting
 + Level 2.9 Axes
 + Level 3.4 Armour
 + Level 0.5 Dodging
 + Level 3.3 Shields


You had 3 spell levels left.
You didn't know any spells.
Your spell library contained the following spells:

 Spells                   Type           Power        Failure   Level  Hunger
 Ensorcelled Hibernation  Hex/Ice        #.....       100%        2    ###....
 Borgnjor's Vile Clutch   Necr/Erth      #.........   100%        5    ######.
 Silence                  Hex/Air        #.........   100%        5    ######.
 Darkness                 Hex            #.........   100%        6    #######
 Shadow Creatures         Summ           N/A          100%        6    #######


Dungeon Overview and Level Annotations

Branches:
Dungeon (4/15)
 Temple: D:4-7

Altars:
Fedhas
Vehumet

Annotations:
D:3 Pikel


Innate Abilities, Weirdness & Mutations

When hurt, damage is shared between your health and your magic reserves.
Your movements are slightly less encumbered by armour. (ER -2)


Message History

You are too injured to fight recklessly!
You are too injured to fight recklessly!
You are too injured to fight recklessly!
You are too injured to fight recklessly!
You are too injured to fight recklessly!
You are too injured to fight recklessly!
You are too injured to fight recklessly!
You are too injured to fight recklessly!
You are too injured to fight recklessly!
You are too injured to fight recklessly!
You are too injured to fight recklessly!
You are too injured to fight recklessly!
You are too injured to fight recklessly!
You feel very mighty all of a sudden.
Pikel checks his coin pouch and frowns.
You block Pikel's attack.
You closely miss Pikel.
Pikel is lightly wounded.
Pikel hits you but does no damage.
You are electrocuted!!
You die...

..#...........#..#...............
..............#..#...............
...##...##.......#...............
...##...######...#....)..........
...##...# ##...#....#..........
#####...# #....#....#.......... #
#...# #....#....#.......... #
#.^.# #..K.#............... #
#...# #...@[............... #
#...# #.........#.......... #
##### ##.#................. #
#................... #
#########........... #
#........... #...........
#.........## ###########


You could see Pikel.

Vanquished Creatures
  A slave (D:3)
  Robin (D:2)
  A gnoll (D:1)
  3 adders
  An ooze (D:3)
  A worm (D:3)
  A dart slug (D:2)
  3 leopard geckos
  A ball python (D:3)
  12 bats
  5 giant cockroaches
  14 goblins
  9 hobgoblins
  2 quokkas
  A frilled lizard (D:1)
  7 kobolds
  6 rats
69 creatures vanquished.

Notes
Turn   | Place    | Note
-------+----------+-------------------------------------------
     0 | D:1      | galech the Demonspawn Fighter began the quest for the Orb.
     0 | D:1      | Reached XP level 1. HP: 18/18 MP: 1/1
   295 | D:1      | Gained mutation: Your movements are slightly less
                  | encumbered by armour. (ER -2) [demonic ancestry]
   295 | D:1      | Reached XP level 2. HP: 23/24 MP: 2/2
   732 | D:1      | Reached XP level 3. HP: 29/29 MP: 3/3
  1223 | D:2      | Noticed Robin
  1239 | D:2      | Killed Robin
  1239 | D:2      | Gained mutation: When hurt, damage is shared between your
                  | health and your magic reserves. [demonic ancestry]
  1239 | D:2      | Reached XP level 4. HP: 25/35 MP: 4/4
  2042 | D:3      | Found a radiant altar of Vehumet.
  2272 | D:4      | Noticed a slave
  2273 | D:4      | Found a blossoming altar of Fedhas.
  2273 | D:4      | Noticed a slave
  2273 | D:4      | Noticed a slave
  2273 | D:4      | Noticed a slave
  2273 | D:4      | Noticed Pikel
  2321 | D:3      | Killed a slave
  2447 | D:3      | Slain by Pikel

Vault maps used:
D:1:      minmay_arrival_jagged
D:2:      minmay_chambers_of_twos, uniq_robin
D:3:      lemuel_round_altar, wad_floor_pattern_1
D:4:      overflow_temple_1_default, nicolae_overflow_crystal_walls,
          grunt_temple_overflow_open, hellmonk_ghost_happy_afterlife,
          elyvilon_altar_5, uniq_natasha, uniq_pikel, uniq_duvessa

Skill      XL: |  1  2  3 |
---------------+----------+-----
Axes           | 2 |  2.9
Armour         | 3 |  3.4
Shields        | 3 |  3.3
Fighting       | |  3.7
Dodging        | |  0.5

Action                   |  1- 3 |  4- 6 || total
-------------------------+-------+-------++-------
Melee: War axe           |   107 |   130 ||   237
  Use: Potion            |       |     1 ||     1
  Eat: Chunk             |     1 |     4 ||     5
Armor: Scale mail        |    82 |    35 ||   117
       Plate armour      |       |    22 ||    22
Dodge: Dodged            |    38 |    36 ||    74
Block: Shield            |    63 |    78 ||   141

Table legend:
 A = Non-vault XP
 B = Vault XP
 C = Vault XP percentage of total XP
 D = Non-vault monster count
 E = Vault monster count
 F = Vault count percentage of total count
                 A         B        C        D         E       F
            +---------+---------+-------+---------+---------+-------
      Total |     147 |      41 |  21.8 |      52 |      16 |  23.5
            +---------+---------+-------+---------+---------+-------
        D:1 |      42 |       0 |   0.0 |      18 |       0 |   0.0
        D:2 |      34 |      41 |  54.7 |      13 |      16 |  55.2
        D:3 |      71 |       0 |   0.0 |      21 |       0 |   0.0
            +---------+---------+-------+---------+---------+-------
